 Dungeon Crawl Stone Soup version 0.23.2-1-ga50397a6bc (webtiles) character file.

Game seed: 15460557033225794071

941 Gargoyl the Chopper (level 7, -3/59 HPs)
             Began as a Centaur Abyssal Knight on May 14, 2019.
             Was a Believer of Lugonu.
             Slain by a human zombie (6 damage)
             ... in an ossuary.
             The game lasted 00:05:39 (4147 turns).

Gargoyl the Chopper (Centaur Abyssal Knight)        Turns: 4147, Time: 00:05:40

Health: -3/59      AC:  7    Str: 20    XL:     7   Next: 88%
Magic:  19/19      EV:  9    Int: 11    God:    Lugonu [**....]
Gold:   294        SH:  0    Dex: 10    Spells: 6/6 levels left

rFire    . . .     SeeInvis .   a - +1 hand axe
rCold    . . .     Gourm    .   (no shield)
rNeg     . . .     Faith    .   d - +0 ring mail
rPois    .         Spirit   .   l - +0 helmet
rElec    .         Reflect  .   (no cloak)
rCorr    .         Harm     .   (no gloves)
MR       .....                  (no barding)
Stlth    ..........             (no amulet)
HPRegen  0.19/turn              g - ring of magical power
MPRegen  0.16/turn              n - +5 ring of slaying

@: mighty, very quick
A: large, hooves 3, deformed body, speed 2, tough skin 3
a: Depart the Abyss, Bend Space, Renounce Religion


You were in an ossuary.
You worshipped Lugonu.
Lugonu was pleased with you.
You were not hungry.

You visited 1 branch of the dungeon, and saw 5 of its levels.
You visited the Abyss 1 time.
You also visited: Ossuary.

You collected 294 gold pieces.

Inventory:

Hand Weapons
 a - a +1 hand axe (weapon)
Missiles
 i - 2 tomahawks (quivered)
Armour
 d - a +0 ring mail (worn)
 l - a +0 helmet (worn)
Jewellery
 g - a ring of magical power (left hand)
 n - a +5 ring of slaying (right hand)
Wands
 r - a wand of enslavement (4)
Scrolls
 k - 4 scrolls of teleportation
 o - a scroll of identify
Potions
 b - a potion of haste
 e - a potion of magic {unknown}
 f - a potion of brilliance {unknown}
 h - 5 potions of lignification
 j - 2 potions of might
 m - a potion of heal wounds {unknown}
 p - a potion of curing {unknown}
 q - 2 potions of agility {unknown}
Comestibles
 c - 10 rations


   Skills:
 + Level 4.2 Fighting
 + Level 4.4 Axes
 + Level 1.0 Throwing
 * Level 4.2 Armour
 * Level 2.4 Dodging
 * Level 4.0 Invocations


You had 6 spell levels left.
You didn't know any spells.
Your spell library was empty.

Dungeon Overview and Level Annotations

Branches:
Dungeon (5/15)
 Temple: D:4-7

Altars:
Elyvilon
Nemelex Xobeh
Okawaru
Uskayaw
Yredelemnul
Zin


Innate Abilities, Weirdness & Mutations

You have hooves in place of feet.
Armour fits poorly on your strangely shaped body.
You cover ground very quickly.
You have extremely tough skin. (AC +3)


Message History

You hit the human zombie. You kick the human zombie!
The human zombie is almost destroyed.
You hit the elf zombie but do no damage.
You slash the rat zombie!
You destroy the rat zombie!
Lugonu accepts your kill.
You hit the human zombie. You barely miss the gnoll zombie.
You hit the hound zombie. The hound zombie barely misses you.
The human zombie hits you.
* * * LOW HITPOINT WARNING * * *
The gnoll zombie hits you but does no damage.
The elf zombie hits you.
* * * LOW HITPOINT WARNING * * *
The human zombie hits you!
* * * LOW HITPOINT WARNING * * *
It was a potion of might.
You feel very mighty all of a sudden.
The hound zombie bites you but does no damage.
The human zombie hits you.
You die...

...............
...............
...............
...............
...............
...............
......ZZZ......
.......@.......
......ZZ.......
...............
...............
...............
...............
...............
...............


You could see a hound zombie, a gnoll zombie, an elf zombie and 2 human zombies.

Vanquished Creatures
  An ice beast (D:3)
  5 ogres
  A scorpion (D:4)
  A howler monkey (D:3)
  A hound (D:4)
  A bullfrog skeleton (D:4)
  An orc priest (D:3)
  Jessica (D:2)
  An orc wizard (D:3)
  2 worker ants
  5 adders
  A shadow imp (D:5)
  4 worms
  A dart slug (D:4)
  2 leopard geckos (D:4)
  3 orcs (D:3)
  2 ball pythons (D:2)
  8 giant cockroaches
  A gnoll zombie (Ossuary)
  9 goblins
  9 hobgoblins
  5 jackals
  3 quokkas
  9 bats
  4 frilled lizards
  A goblin zombie (Ossuary)
  A jackal zombie (Ossuary)
  8 kobolds
  2 kobold zombies (Ossuary)
  5 rats
  2 rat zombies (Ossuary)
100 creatures vanquished.

Notes
Turn   | Place    | Note
-------+----------+-------------------------------------------
     0 | Abyss:1  | Gargoyl the Centaur Abyssal Knight began the quest for the
                  | Orb.
     0 | Abyss:1  | Reached XP level 1. HP: 19/19 MP: 2/2
    36 | Abyss:1  | Noticed a thrashing horror
    41 | D:1      | Escaped the Abyss
   107 | D:1      | Reached * piety under Lugonu
   145 | D:1      | Reached XP level 2. HP: 24/26 MP: 3/3
   550 | D:2      | Reached skill level 1 in Dodging
   866 | D:2      | Reached XP level 3. HP: 31/31 MP: 4/4
   895 | D:2      | Noticed Jessica
   908 | D:2      | Killed Jessica
  1089 | D:2      | Reached XP level 4. HP: 40/40 MP: 5/5
  1549 | D:3      | Found a white marble altar of Elyvilon.
  1744 | D:3      | Reached XP level 5. HP: 42/46 MP: 7/7
  1749 | D:3      | Reached ** piety under Lugonu
  1775 | D:3      | Noticed an ice beast
  1782 | D:3      | Killed an ice beast
  1782 | D:3      | Reached XP level 6. HP: 30/52 MP: 8/8
  1907 | D:3      | Found an iron altar of Okawaru.
  2140 | D:3      | Found a glowing silver altar of Zin.
  2971 | D:4      | Reached XP level 7. HP: 17/59 MP: 9/9
  3831 | D:4      | Found a sparkling altar of Nemelex Xobeh.
  3834 | D:4      | Found a hide-covered altar of Uskayaw.
  3836 | D:4      | Found a basalt altar of Yredelemnul.
  3970 | D:5      | Entered Level 5 of the Dungeon
  4110 | D:5      | Reached skill level 1 in Throwing
  4123 | D:5      | Found a sand-covered staircase.
  4136 | Ossuary  | Entered an ossuary
  4147 | Ossuary  | Slain by a human zombie

Skill      XL: |  1  2  3  4  5  6  7 |
---------------+----------------------+-----
Axes           | 2 3 4 |  4.4
Dodging        | 1 2 |  2.4
Armour         | 2 3 4 |  4.2
Invocations    | 3 4 |  4.0
Fighting       | 4 |  4.2
Throwing       | 1 |  1.0

Action                   |  1- 3 |  4- 6 |  7- 9 || total
-------------------------+-------+-------+-------++-------
Melee: Hand axe          |    79 |    93 |    48 ||   220
       Kick              |    24 |    17 |    10 ||    51
Throw: Tomahawk          |     4 |     4 |     3 ||    11
Invok: Depart the Abyss  |     1 |       |       ||     1
  Use: Scroll            |     2 |       |     1 ||     3
       Potion            |       |       |     1 ||     1
  Eat: Chunk             |       |     5 |       ||     5
       Ration            |       |       |     1 ||     1
Armor: Ring mail         |    47 |    32 |    26 ||   105
Dodge: Dodged            |    38 |    32 |    23 ||    93
